 Dungeon Crawl Stone Soup version 0.29.0 (webtiles) character file.

Game seed: 17409046786732165216

139 slphil the Grave Robber (level 5, 0/30 HPs)
             Began as a Deep Elf Necromancer on Aug 25, 2022.
             Succumbed to a scorpion's poison
             ... on level 6 of the Dungeon.
             The game lasted 00:03:51 (2263 turns).

slphil the Grave Robber (Deep Elf Necromancer)      Turns: 2263, Time: 00:03:52

Health: 0/30       AC:  6    Str:  7    XL:     5   Next: 1%
Magic:  9/13       EV: 12    Int: 22    God:
Gold:   136        SH:  0    Dex: 15    Spells: 11/12 levels left

rFire   . . .      SeeInvis .   r - +11 dagger of Innocence {freeze, *Corrode rElec Will+}
rCold   . . .      Faith    .   (no shield)
rNeg    . . .      Spirit   +   a - +1 robe
rPois   .          Reflect  .   (no helmet)
rElec   +          Harm     .   o - +1 cloak of Eddumuas {+Blink Str+2 Stlth+}
rCorr   .          Rampage  .   s - +0 pair of gloves
Will    +....                   (no boots)
Stlth   +++.......              n - amulet of guardian spirit
HPRegen 0.10/turn               (no ring)
MPRegen 0.13/turn               (no ring)

@: brilliant, lethally poisoned (0 -> -11)
A: no striking features
a: Evoke Blink


You were on level 6 of the Dungeon.
You visited 1 branch of the dungeon, and saw 4 of its levels.

You collected 136 gold pieces.

Inventory:

Hand Weapons
 f - a +0 dagger
 q - a +1 dagger of protection
 r - the +11 dagger of Innocence (weapon) {freeze, *Corrode rElec Will+}
   (You found it on level 2 of the Dungeon)

   It freezes those it strikes, dealing additional cold damage.
   It can also slow down cold-blooded creatures.
   rElec:     It insulates you from electricity.
   *Corrode:  It may corrode you when you take damage.
   Will:      It increases your willpower.
Armour
 a - a +1 robe (worn)
 o - the +1 cloak of Eddumuas (worn) {+Blink Str+2 Stlth+}
   (You found it on level 2 of the Dungeon)

   Str:       It affects your strength (+2).
   +Blink:    It lets you blink.
   Stlth:     It makes you more stealthy.
 s - a +0 pair of gloves (worn)
Jewellery
 h - an amulet of the acrobat
 n - an amulet of guardian spirit (around neck)
Scrolls
 c - a scroll of fear {unknown}
 d - a scroll of enchant armour
 e - 2 scrolls of identify {unknown}
 g - 2 scrolls of poison {unknown}
 i - a scroll of amnesia {unknown}
 k - a scroll of magic mapping {unknown}
 l - 2 scrolls of teleportation {unknown}
 m - a scroll of blinking {unknown}
 p - 2 scrolls of noise {unknown}
Potions
 b - a potion of magic


   Skills:
 + Level 1.8 Fighting
 * Level 1.8 Short Blades
 - Level 2.4 Dodging
 - Level 2.4 Stealth
 + Level 4.4 Spellcasting
 + Level 5.7 Necromancy


You had 11 spell levels left.
You knew the following spells:

 Your Spells              Type           Power      Damage    Failure   Level
a - Necrotise             Necr           100%       1d9       1%          1

Your spell library contained the following spells:

 Spells                   Type           Power      Damage    Failure   Level
 Vampiric Draining        Necr           45%        2d9       3%          3
 Apportation              Tloc           14%        N/A       11%         1
 Summon Small Mammal      Summ           28%        N/A       11%         1
 Animate Dead             Necr           45%        N/A       11%         4
 Agony                    Necr           45%        N/A       28%         5


Dungeon Overview and Level Annotations

Branches:
Dungeon (3/15)

Altars:
Ashenzari
Elyvilon
Fedhas


Message History

Found a leather armour.
A scorpion comes into view.
The scorpion moves out of view.
You now have 136 gold pieces (gained 19).
Okay, then.
Okay, then.
The scorpion barely resists.
You puncture the scorpion! You freeze the scorpion.
The scorpion is severely wounded.
The scorpion stings you but does no damage.
You hit the scorpion but do no damage.
The scorpion is severely wounded.
The scorpion stings you.
You are poisoned.
The scorpion poisons you!
You hit the scorpion. You freeze the scorpion.
The scorpion is almost dead.
You feel very sick. The scorpion misses you. The scorpion stings you.
You are lethally poisoned!
The scorpion poisons you!
You hit the scorpion. You freeze the scorpion.
You kill the scorpion!
You feel very sick.
Your Short Blades skill increases to level 1!
You have reached level 5!
It was a potion of brilliance.
You feel clever all of a sudden.
* * * LOW HITPOINT WARNING * * *
You feel very sick.
Unknown command.
* * * LOW HITPOINT WARNING * * *
You feel very sick.
There is a lethal amount of poison in your body!
* * * LOW HITPOINT WARNING * * *
You feel very sick.
As you read the scroll labelled BEIH GYDONTIO, it crumbles to dust.
It is a scroll of enchant armour.
Your +0 robe glows green for a moment.
You die...

..###..........##.###
....................#
.####.##........#.#.#
.####.##........#.#.#
......##.......[#...#
########+######.###.#
# #.# #.# # #.###.# #
#.@...# # ####...## .
. +...†...# #
....####...####
#..........#
#.##.##.##.# #.##.# #
#....# #.. .#


There were no monsters in sight!

Vanquished Creatures
  A scorpion (D:6)
  2 adders
  3 worms
  2 dart slugs
  2 ball pythons
  4 endoplasms
  3 giant cockroaches
  5 goblins
  2 hobgoblins
  4 kobolds
  4 quokkas
  4 bats (D:2)
  3 frilled lizards
  2 rats (D:2)
41 creatures vanquished.

Vanquished Creatures (collateral kills)
  2 goblins (D:2)
  2 rats (D:2)
4 creatures vanquished.

Grand Total: 45 creatures vanquished

Notes
Turn   | Place    | Note
-------+----------+-------------------------------------------
     0 | D:1      | slphil the Deep Elf Necromancer began the quest for the
                  | Orb.
     0 | D:1      | Reached XP level 1. HP: 10/10 MP: 6/6
   158 | D:1      | Reached skill level 5 in Necromancy
   350 | D:1      | Reached XP level 2. HP: 16/16 MP: 6/8
  1039 | D:2      | Reached skill level 1 in Fighting
  1412 | D:2      | Found a broken altar of Ashenzari.
  1439 | D:2      | Reached XP level 3. HP: 20/20 MP: 3/10
  1530 | D:2      | Identified the +1 cloak of Eddumuas {+Blink Str+2 Stlth+}
  1747 | D:2      | Identified the +11 dagger of Innocence {freeze, *Corrode
                  | rElec Will+}
  2029 | D:3      | Found a white marble altar of Elyvilon.
  2039 | D:3      | Found a blossoming altar of Fedhas.
  2102 | D:3      | Reached XP level 4. HP: 25/25 MP: 9/12
  2213 | D:3      | You fall into a shaft and drop 3 floors!
  2249 | D:6      | Noticed a scorpion
  2259 | D:6      | Killed a scorpion
  2260 | D:6      | Reached skill level 1 in Short Blades
  2260 | D:6      | Reached XP level 5. HP: 12/30 MP: 8/13
  2263 | D:6      | Succumbed to a scorpion's poison

Illustrated notes

Levels and vault maps discovered:
D:1:      scummos_arrival_star, layout_basic, minivault_27,
          chequers_decorated_corner, chequers_arboretum,
          hangedman_decor_slide_cut, due_unseen_surprise
D:2:      layout_loops_corners, basic_altar, st_stairs_3, minmay_guardbox
D:3:      layout_rooms, mainiacjoe_overflow_six_doors_small, demons_altar,
          mainiacjoe_overflow_catwalk_spiral,
          shapermc_ecumenical_altar_mp_highgroup, minmay_stone_trees_medium,
          guppyfry_early_lair_pool
D:6:      layout_loops_corners, tso_metal_star, minmay_temple_entry_wispy

Skill      XL: |  1  2  3  4 |
---------------+-------------+-----
Necromancy     | 5 |  5.7
Fighting       | 1 |  1.8
Spellcasting   | 4 |  4.4
Short Blades   | 1 |  1.8
Dodging        | |  2.4
Stealth        | |  2.4

Action                   |  1- 3 |  4- 6 || total
-------------------------+-------+-------++-------
Melee: Dagger            |       |     7 ||     7
 Cast: Necrotise         |    62 |     9 ||    71
  Use: Scroll            |       |     1 ||     1
       Potion            |       |     1 ||     1
Armor: Robe              |       |     2 ||     2
Dodge: Dodged            |     5 |     1 ||     6
